 Dungeon Crawl Stone Soup version 0.28.0-53-g5a82cb258f (webtiles) character file.

Game seed: 1875646343252170087

1191 SanguineChosen the Cleaver (level 8, -4/71 HPs)
             Began as a Minotaur Berserker on July 29, 2022.
             Was a Believer of Trog.
             Killed by divine providence
             ... invoked by an orc priest
              (13 damage)
             ... on level 5 of the Dungeon.
             The game lasted 00:18:13 (5438 turns).

SanguineChosen the Cleaver (Minotaur Berserker)     Turns: 5438, Time: 00:18:14

Health: -4/71      AC: 16    Str: 24    XL:     8   Next: 20%
Magic:  7/7        EV:  9    Int:  4    God:    Trog [**....]
Gold:   187        SH:  0    Dex: 10    Spells: 7/7 levels left

rFire   . . .      SeeInvis .   k - +1 war axe (elec)
rCold   + . .      Faith    .   (no shield)
rNeg    . . .      Spirit   .   s - +0 chain mail
rPois   .          Reflect  .   (helmet restricted)
rElec   .          Harm     .   (no cloak)
rCorr   .          Rampage  .   i - +1 pair of gloves
Will    .....                   (no boots)
Stlth   ..........              (no amulet)
HPRegen 0.21/turn               j - +4 ring of protection
MPRegen 0.10/turn               f - ring of protection from cold

@: studying Bows
A: horns 2, retaliatory headbutt
a: Renounce Religion, Berserk, Trog's Hand


You were on level 5 of the Dungeon.
You worshipped Trog.
Trog was pleased with you.
You visited 1 branch of the dungeon, and saw 5 of its levels.

You collected 187 gold pieces.

Inventory:

Hand Weapons
 d - a +4 flail of freezing
 k - a +1 war axe of electrocution (weapon)
Missiles
 g - 8 poisoned darts (quivered)
Armour
 i - a +1 pair of gloves (worn)
 s - a +0 chain mail (worn)
Jewellery
 f - a ring of protection from cold (right hand)
 j - a +4 ring of protection (left hand)
 q - a ring of see invisible
Wands
 m - a wand of mindburst (10)
Scrolls
 a - a scroll of enchant weapon {unknown}
 n - a scroll of identify
 p - a scroll of acquirement {unknown}
Potions
 b - 3 potions of mutation
 h - a potion of lignification
 o - 2 potions of resistance
 r - a potion of haste {unknown}


   Skills:
 + Level 6.5 Fighting
 + Level 9.0 Axes
 + Level 1.0(5.6) Maces & Flails
 + Level 5.6 Armour
 + Level 3.8 Dodging


You had 7 spell levels left.
You didn't know any spells.
Your spell library was empty.

Dungeon Overview and Level Annotations

Branches:
Dungeon (5/15)
 Temple: D:4-7

Altars:
Qazlal


Innate Abilities, Weirdness & Mutations

You have a pair of horns on your head.
You reflexively headbutt those who attack you in melee.


Message History

Beogh smites you!
* * * LOW HITPOINT WARNING * * *
You feel better. The orc wizard casts a spell at you.
The magic dart hits you but does no damage.
The orc priest closely misses you.
You feel better.
The orc wizard hits you but does no damage.
The orc priest barely misses you.
You slash the orc wizard!
You kill the orc wizard!
Trog accepts your kill.
Trog appreciates your killing of a magic user.
The orc priest mumbles some strange prayers to Beogh against you.
Beogh smites you!
* * * LOW HITPOINT WARNING * * *
The orc priest hits you but does no damage.
Your Axes skill increases to level 9!
You feel better. The orc hits you but does no damage.
The orc priest hits you from afar with a +0 trident.
* * * LOW HITPOINT WARNING * * *
As you read the scroll of teleportation, it crumbles to dust.
You feel strangely unstable. The orc hits you but does no damage.
The orc priest barely misses you. The orc priest closely misses you.
The orc priest looks satisfied for a moment.
Your surroundings suddenly seem different.
The orc priest invokes the aid of Beogh against you.
Pain shoots through your body!
* * * LOW HITPOINT WARNING * * *
The orc priest hits you but does no damage.
Aiming: Mindburst
Press: ? - help, Q - select action, (/) - cycle Shift-Dir - straight line, f - orc priest
Aim: an orc priest, wielding a +0 trident (chance to affect: 64%)
The orc priest's mind is blasted.
The orc priest hits you but does no damage.
The orc priest hits you from afar with a +0 trident.
* * * LOW HITPOINT WARNING * * *
The orc priest mumbles some strange prayers to Beogh against you.
Beogh smites you!
You die...

.........####.##.........####
.........o.).................
.........###..#..............
###########...#..........####
#...................##
#...ooo##.<.......#..#
#......##.............
#......##.........###.
#[...@.###..#.###.....
#......# #.##.####.#..
#......# #.##...##....
.......#.# #.####..##.##
....... .# #.# ##..#.#.
....... .# #.# ##.....
....... .# .. ##..#. .......
.# #..## ##....


You could see 2 orc priests and an orc.

Vanquished Creatures
  An ice beast (D:5)
  An orc warrior (D:5)
  A sky beast (D:5)
  A black bear (D:5)
  5 scorpions
  A crimson imp (D:4)
  A centaur zombie (D:5)
  A bullfrog skeleton (D:4)
  2 orc priests (D:4)
  3 hounds
  Natasha (thrice) (D:3)
  An iguana (D:5)
  2 orc wizards
  A hound skeleton (D:4)
  6 adders
  A white imp (D:4)
  A worm (D:2)
  2 dart slugs
  15 orcs
  6 endoplasms
  5 giant cockroaches
  3 goblins
  6 hobgoblins
  4 kobolds
  A quokka (D:4)
  3 ball pythons
  4 bats
  4 frilled lizards
  4 rats
89 creatures vanquished.

Notes
Turn   | Place    | Note
-------+----------+-------------------------------------------
     0 | D:1      | SanguineChosen the Minotaur Berserker began the quest for
                  | the Orb.
     0 | D:1      | Reached XP level 1. HP: 19/19 MP: 0/0
   391 | D:1      | Reached XP level 2. HP: 27/27 MP: 1/1
   445 | D:1      | Reached skill level 4 in Axes
  1034 | D:2      | Found a stormy altar of Qazlal.
  1229 | D:2      | Reached ** piety under Trog
  1404 | D:2      | Reached XP level 3. HP: 29/33 MP: 2/2
  2163 | D:3      | Noticed Natasha
  2178 | D:3      | Killed Natasha
  2179 | D:3      | Reached XP level 4. HP: 5/41 MP: 3/3
  2222 | D:3      | Noticed Natasha
  2239 | D:3      | Killed Natasha
  2497 | D:3      | Noticed Natasha
  2503 | D:3      | Killed Natasha
  2504 | D:3      | Reached skill level 5 in Axes
  2868 | D:3      | Reached XP level 5. HP: 47/47 MP: 4/4
  3224 | D:4      | Reached skill level 5 in Fighting
  4009 | D:4      | Reached XP level 6. HP: 56/56 MP: 5/5
  4050 | D:4      | Reached skill level 6 in Axes
  4655 | D:5      | Entered Level 5 of the Dungeon
  4678 | D:5      | Noticed an ice beast
  4693 | D:5      | Killed an ice beast
  4694 | D:5      | Reached skill level 1 in Maces & Flails
  4694 | D:5      | Reached XP level 7. HP: 56/62 MP: 6/6
  4808 | D:5      | Reached skill level 7 in Axes
  5025 | D:5      | Reached skill level 5 in Armour
  5150 | D:5      | Reached skill level 8 in Axes
  5162 | D:5      | Reached XP level 8. HP: 47/71 MP: 7/7
  5428 | D:5      | Reached skill level 9 in Axes
  5438 | D:5      | Killed from afar by an orc priest

Illustrated notes

Levels and vault maps discovered:
D:1:      ncdulo_halloftheorcs, layout_loops_cross, chequers_jeans, st_stairs_5
D:2:      layout_basic, basic_altar, minmay_domino_2
D:3:      layout_basic, hangedman_feature_mirror, uniq_natasha
D:4:      layout_loops_corners, minmay_fire_ice_demons
D:5:      layout_rooms, minmay_manual_moon

Skill      XL: |  1  2  3  4  5  6  7  8 |
---------------+-------------------------+-----
Axes           | 4 5 6 8 9 |  9.0
Fighting       | 4 5 6 |  6.5
Armour         | 3 4 5 |  5.6
Dodging        | 3 |  3.8
Maces & Flails | 1 |  1.0

Action                   |  1- 3 |  4- 6 |  7- 9 || total
-------------------------+-------+-------+-------++-------
Melee: Hand axe          |    81 |    40 |       ||   121
       Headbutt          |    16 |    13 |     7 ||    36
       War axe           |       |    31 |    50 ||    81
       Flail             |       |     7 |       ||     7
       Punch             |       |     1 |     1 ||     2
Throw: Dart              |       |     1 |     8 ||     9
Evoke: Wand              |       |       |     2 ||     2
  Use: Scroll            |       |     9 |     1 ||    10
       Potion            |       |       |     3 ||     3
Armor: Animal skin       |     5 |       |       ||     5
       Leather armour    |    10 |     2 |       ||    12
       Scale mail        |       |    15 |    19 ||    34
       Ring mail         |       |     3 |       ||     3
       Chain mail        |       |       |    11 ||    11
Dodge: Dodged            |    52 |    39 |    27 ||   118
